 Dungeon Crawl Stone Soup version 0.30-a0-134-gb40fab5c76 (webtiles) character file.

Game seed: 16521482599022869719

499 IdlyInterested the Sneak (level 6, -2/47 HPs)
             Began as a Demonspawn Wanderer on Sept 19, 2022.
             Slain by Grinder (4 damage)
             ... on level 4 of the Dungeon.
             The game lasted 00:12:45 (4615 turns).

IdlyInterested the Sneak (Demonspawn Wanderer)      Turns: 4615, Time: 00:12:45

Health: -2/47      AC: 15    Str: 10 (11) XL:     6   Next: 94%
Magic:  0/9        EV: 11    Int: 13 (14) God:
Gold:   32         SH:  5    Dex: 15 (17) Spells: 9/9 levels left

rFire   . . .      SeeInvis .    g - +2 dagger (protect)
rCold   . . .      Faith    .    b - +0 buckler
rNeg    . . .      Spirit   +    a - +0 ring mail
rPois   .          Reflect  .    f - +0 helmet
rElec   .          Harm     .    n - +1 cloak
rCorr   .          Rampage  .    (no gloves)
Will    .....                    (no boots)
Stlth   ++........               (no amulet)
HPRegen 0.15/turn                (no ring)
MPRegen 0.22/turn                (no ring)

@: brilliant, under a protective aura, attractive, hasted, very quick
A: magic shield, magic regeneration, sturdy frame 1, weakness stinger 1, claws
1, clever 1, MP-powered wands
a: no special abilities


You were on level 4 of the Dungeon.
You visited 1 branch of the dungeon, and saw 4 of its levels.

You collected 193 gold pieces.
You spent 161 gold pieces at shops.

Inventory:

Hand Weapons
 g - a +2 dagger of protection (weapon)
 l - a +0 short sword of protection
 o - a +0 long sword
Missiles
 s - 2 poisoned darts
Armour
 a - a +0 ring mail (worn)
 b - a +0 buckler (worn)
 d - a +0 leather armour
 f - a +0 helmet (worn)
 i - a +0 plate armour
 n - a +1 cloak (worn)
 t - a +0 chain mail
Jewellery
 z - a +6 ring of intelligence
Wands
 w - a wand of flame (12)
Scrolls
 c - a scroll of fear
 q - a scroll of vulnerability
 u - a scroll of teleportation
 v - a scroll of amnesia
 y - a scroll of identify
Miscellaneous
 e - a phial of floods (inert) (quivered)


   Skills:
 + Level 3.1 Fighting
 + Level 3.3 Short Blades
 - Level 1.0 Throwing
 - Level 1.0 Armour
 - Level 2.0 Dodging
 - Level 4.0 Stealth
 * Level 2.6 Shields
 - Level 2.0 Spellcasting
 - Level 1.0 Air Magic
 * Level 3.0 Evocations


You had 9 spell levels left.
You didn't know any spells.
Your spell library contained the following spells:

 Spells                   Type           Power      Damage    Failure   Level
 Sandblast                Erth           2%         2d4       47%         1
 Summon Small Mammal      Summ           4%         N/A       47%         1
 Static Discharge         Conj/Air       6%         2-3/arc   54%         2
 Cigotuvi's Dreadful Rot  Necr/Pois/Air  6%         N/A       58%         2
 Call Canine Familiar     Summ           1%         N/A       85%         3
 Stone Arrow              Conj/Erth      2%         3d7       85%         3
 Summon Guardian Golem    Hex/Summ       1%         N/A       85%         3
 Animate Armour           Summ/Erth      2%         N/A       99%         4
 Lehudib's Crystal Spear  Conj/Erth      0%         10d2      100%        8
 Fire Storm               Conj/Fire      0%         6d1       100%        9


Dungeon Overview and Level Annotations

Branches:
Dungeon (4/15)
 Temple: D:4-7

Altars:

Shops:
D:3 *

Annotations:
D:4 Grinder


Innate Abilities, Weirdness & Mutations

When hurt, damage is shared between your health and your magic reserves.
You regenerate magic rapidly.
Your movements are slightly less encumbered by armour. (ER -2)
You have a small tail.
You have sharp fingernails.
Your mind is acute. (Int +4, Str/Dex -1)
You expend magic power (3 MP) to strengthen your wands.


Message History

You block Grinder's attack.
You hit Grinder.
Grinder is moderately wounded.
Grinder closely misses you.
You hit Grinder.
Grinder is heavily wounded.
You barely miss Grinder.
Grinder is heavily wounded.
You block Grinder's attack.
You hit Grinder.
Grinder is severely wounded.
You hit Grinder but do no damage. You tail-slap Grinder.
Grinder is severely wounded.
Grinder gestures at you.
You suddenly lose the ability to move!
Grinder gestures at you. Pain shoots through your body!
* * * LOW HITPOINT WARNING * * *
Grinder hits you but does no damage.
You can move again.
You hit Grinder but do no damage.
Grinder is severely wounded.
You barely miss Grinder.
Grinder is severely wounded.
Grinder gestures at you. Pain shoots through your body!
* * * LOW HITPOINT WARNING * * *
You closely miss Grinder.
Grinder is severely wounded.
You hit Grinder.
Grinder is severely wounded.
You block Grinder's attack.
You hit Grinder.
Grinder is almost dead.
You hit Grinder.
Grinder is almost dead.
Grinder hits you.
* * * LOW HITPOINT WARNING * * *
You writhe in agony.
You die...

.###### .# ......##
)#.#.#.# #.#.#.#
)#.#.#. #.#.#.#. #.
.#.#.#.#. #.#
#.#.#.#.## #.####
.#.#.#.#.# #.#$@## #
#.#.#.#.## #.#.#5#.##
.#.#.#.#.# #.#!ยง.#..#.
#.#.#.#.## #.#.#...#..
.#.#.#)#.# #.....#...#
#.#.#.#.#####.#.#...#..
..............#...#).#.
#...###########.#.#.##
#..## #..## #


You could see Grinder.

Vanquished Creatures
  Eustachio (D:4)
  4 wights (D:4)
  3 adders
  2 worms
  5 dart slugs
  5 orcs (D:3)
  5 endoplasms
  4 giant cockroaches
  17 goblins
  10 hobgoblins
  4 jackals
  11 kobolds
  6 quokkas
  3 ball pythons
  7 bats
  2 frilled lizards (D:2)
  7 rats
96 creatures vanquished.

Notes
Turn   | Place    | Note
-------+----------+-------------------------------------------
     0 | D:1      | IdlyInterested the Demonspawn Wanderer began the quest for
                  | the Orb.
     0 | D:1      | IdlyInterested set off with the following items: a +0
                  | dagger, a +0 buckler, a scroll of fear, a +0 leather
                  | armour, a phial of floods; and the following spells
                  | available to memorise: Static Discharge, Cigotuvi's
                  | Dreadful Rot.
     0 | D:1      | Reached XP level 1. HP: 13/13 MP: 3/3
   568 | D:1      | Gained mutation: You have a small tail. [demonic ancestry]
   568 | D:1      | Reached XP level 2. HP: 18/20 MP: 5/5
   694 | D:1      | Reached skill level 1 in Stealth
  1550 | D:1      | Reached XP level 3. HP: 25/25 MP: 6/6
  1821 | D:2      | Reached skill level 1 in Short Blades
  1844 | D:2      | Reached skill level 1 in Fighting
  2192 | D:2      | Reached skill level 2 in Stealth
  2192 | D:2      | Gained mutation: Your movements are slightly less
                  | encumbered by armour. (ER -2) [demonic ancestry]
  2192 | D:2      | Reached XP level 4. HP: 22/32 MP: 7/7
  3134 | D:3      | Reached skill level 1 in Armour
  3557 | D:3      | Found a faded altar of an unknown god.
  3640 | D:3      | Found Maunu's General Store.
  3680 | D:3      | Got the Book of Grounded Combustion
  4053 | D:3      | Bought a scroll of amnesia for 52 gold pieces
  4053 | D:3      | Bought a wand of flame (12) for 109 gold pieces
  4240 | D:4      | Reached skill level 3 in Stealth
  4240 | D:4      | Gained mutation: You regenerate magic rapidly. [demonic
                  | ancestry]
  4240 | D:4      | Reached XP level 5. HP: 38/38 MP: 8/8
  4247 | D:4      | Gained mutation: When hurt, damage is shared between your
                  | health and your magic reserves. [demonic ancestry]
  4247 | D:4      | Reached XP level 6. HP: 31/45 MP: 9/9
  4353 | D:4      | Reached skill level 4 in Stealth
  4533 | D:4      | Noticed Eustachio
  4535 | D:4      | Noticed Grinder
  4545 | D:4      | Paralysed by Grinder for 4 turns
  4579 | D:4      | Gained mutation: Your mind is acute. (Int +4, Str/Dex -1)
                  | [potion of mutation]
  4579 | D:4      | Gained mutation: You have sharp fingernails. [potion of
                  | mutation]
  4579 | D:4      | Gained mutation: You expend magic power (3 MP) to
                  | strengthen your wands. [potion of mutation]
  4586 | D:4      | Killed Eustachio
  4587 | D:4      | Reached skill level 1 in Throwing
  4592 | D:4      | Paralysed by Grinder for 5 turns
  4607 | D:4      | Paralysed by Grinder for 2 turns
  4611 | D:4      | HP: 2/47 [Grinder/nerve-wracking pain (5)]
  4615 | D:4      | Slain by Grinder

Illustrated notes

Levels and vault maps discovered:
D:1:      minmay_arrival_split_and_join, layout_basic, minmay_cut_off
D:2:      cheibrodos_greedy_goblins, layout_rooms
D:3:      layout_basic, serial_shops, nicolae_shop_window_shopping,
          hellmonk_ecumenical_altar_pennies_from_heaven
D:4:      minmay_spotlight, layout_loops_corners,
          chequers_temple_overflow_statue_of_worship, minivault_23, uniq_robin,
          uniq_grinder, uniq_sigmund, uniq_eustachio

Skill      XL: |  1  2  3  4  5  6 |
---------------+-------------------+-----
Stealth        | 1 2 3 4 |  4.0
Short Blades   | 1 2 3 |  3.3
Fighting       | 1 2 3 |  3.1
Dodging        | 2 |  2.0
Armour         | 1 |  1.0
Throwing       | 1 |  1.0
Shields        | |  2.6
Spellcasting   | |  2.0
Air Magic      | |  1.0
Evocations     | |  3.0

Action                   |  1- 3 |  4- 6 || total
-------------------------+-------+-------++-------
Melee: Dagger            |   172 |   230 ||   402
       Tailslap          |     9 |    31 ||    40
Evoke: Phial of floods   |     1 |     1 ||     2
  Use: Scroll            |     3 |     4 ||     7
       Potion            |       |     8 ||     8
 Stab: Sleeping          |     5 |     6 ||    11
Armor: Leather armour    |    64 |     2 ||    66
       Ring mail         |       |    92 ||    92
Dodge: Dodged            |    68 |    82 ||   150
Block: Buckler           |    43 |    46 ||    89

Table legend: (Time is in decaauts)
 A = Elapsed time spent in this place.
 B = Non-inter-level travel time spent in this place.
 C = Inter-level travel time spent in this place.
 D = Time resting spent in this place.
 E = Time spent auto-exploring this place.
 F = Levels seen in this place.
 G = Mean time per level.
                   A        B        C        D        E       F      G
               +--------+--------+--------+--------+--------+-----+--------+
         Total |   4601 |   3991 |    610 |    480 |   2459 |   4 | 1150.2 |
       Dungeon |   4601 |   3991 |    610 |    480 |   2459 |   4 | 1150.2 |
               +--------+--------+--------+--------+--------+-----+--------+

Top non-repeatable levels by time:
     D:1: 1913 daAuts
     D:3: 1321 daAuts
     D:2: 1033 daAuts
     D:4: 332 daAuts
